 Dungeon Crawl Stone Soup version 0.17.1-3-g152610e (webtiles) character file.

172 Gargoyl the Skirmisher (level 5, -2/43 HPs)
             Began as a Demonspawn Abyssal Knight on Feb 27, 2016.
             Was a Believer of Lugonu.
             Killed by nerve-wracking pain
             ... invoked by an orc priest
              (8 damage)
             ... on level 3 of the Dungeon.
             The game lasted 00:13:35 (3504 turns).

Gargoyl the Skirmisher (Demonspawn Abyssal Knight)  Turns: 3504, Time: 00:13:37

Health: -2/43      AC:  8    Str: 13    XL:     5   Next: 27%
Magic:  0/7        EV: 11    Int: 13    God:    Lugonu [**....]
Gold:   208        SH:  0    Dex: 13    Spells: 0 memorised, 4 levels left

rFire  . . .     SeeInvis .     a - +1 hand axe
rCold  . . .     Clarity  .     n - +0 ring mail
rNeg   . . .     SustAt   .     (no shield)
rPois  .         Gourm    .     s - +0 helmet
rElec  .         Spirit   +     (no cloak)
rCorr  .         Warding  .     i - +0 pair of gloves
rMut   .         Stasis   .     (no boots)
MR     .....                    (no amulet)
Stlth  ++........               (no ring)
                                t - ring of stealth

@: not resistant to hostile enchantments, unstealthy
A: talons 2, rugged brown scales 1, magic shield
a: Depart the Abyss, Bend Space, Renounce Religion


You were on level 3 of the Dungeon.
You worshipped Lugonu.
Lugonu was pleased with you.
You were not hungry.

You visited 1 branch of the dungeon, and saw 3 of its levels.
You visited the Abyss 1 time.

You collected 208 gold pieces.

Inventory:

Hand Weapons
 a - a +1 hand axe (weapon)
 u - a +0 flail
Armour
 i - a +0 pair of gloves (worn)
 n - a +0 ring mail (worn)
 s - a +0 helmet (worn)
Rods
 e - a -3 rod of destruction (11/11)
   (You found it on level 2 of the Abyss)
Jewellery
 t - a ring of stealth (left hand)
Wands
 q - a wand of flame (42)
Scrolls
 c - a scroll of identify {unknown}
 d - 3 scrolls of remove curse {unknown}
 f - 2 scrolls of fog {unknown}
 h - a scroll of amnesia {unknown}
 k - a scroll of immolation {unknown}
 m - a scroll of enchant weapon {unknown}
 p - a scroll of blinking {unknown}
Potions
 b - a potion of magic {unknown}
 g - 2 potions of degeneration {unknown}
 j - a potion of haste {unknown}
 l - 2 potions of curing
 o - a potion of lignification {unknown}
Comestibles
 r - a meat ration


   Skills:
 + Level 4.2 Fighting
 + Level 2.2 Axes
 + Level 2.8 Armour
 + Level 2.0 Dodging
 + Level 0.6 Stealth
 + Level 3.4 Invocations
 + Level 0.2 Evocations


You had 4 spell levels left.
You didn't know any spells.

Dungeon Overview and Level Annotations

Branches:
Dungeon (3/15)

Altars:
Gozag
Okawaru
Vehumet


Innate Abilities, Weirdness & Mutations

You have razor-sharp toenails.
You are partially covered in rugged brown scales (AC +1, +3% HP).
When hurt, damage is shared between your health and your magic reserves.


Message History

You hit the orc priest.
The orc priest is moderately wounded.
The orc priest closely misses you.
You hit the orc priest but do no damage.
Your kick misses the orc priest.
The orc priest is moderately wounded.
The orc priest hits you with a dagger.
Your ring mail prevents you from hitting the orc priest.
The orc priest is moderately wounded.
The orc priest calls down the wrath of Beogh upon you.
Pain shoots through your body!
* * * LOW HITPOINT WARNING * * *
You hit the orc priest but do no damage.
The orc priest is moderately wounded.
The orc priest invokes the aid of Beogh against you.
Pain shoots through your body!
* * * LOW HITPOINT WARNING * * *
The orc priest calls down the wrath of Beogh upon you.
Pain shoots through your body!
You die...

### #<# #@#
################o#
.......o..o....#.#
.#############.#.#########
.# #o#...o..oo.# S#
#.#########.# o# #.# #.#
.. #.# #o# o. #o# #†#


You could see an orc priest.

Vanquished Creatures
  Terence (D:2)
  An orc wizard (D:2)
  Robin (D:2)
  5 adders (D:2)
  A worm (D:2)
  A giant gecko (D:2)
  An orc (D:2)
  4 bats
  3 giant cockroaches (D:1)
  14 goblins
  8 hobgoblins
  10 jackals
  A quokka (D:3)
  A ball python (D:2)
  5 giant newts
  2 kobolds (D:2)
  9 rats
68 creatures vanquished.

Vanquished Creatures (others)
  4 starspawn tentacles (Abyss:2)
4 creatures vanquished.

Grand Total: 72 creatures vanquished

Notes
Turn   | Place    | Note
--------------------------------------------------------------
     0 | Abyss:1  | Gargoyl the Demonspawn Abyssal Knight began the quest for the Orb.
     0 | Abyss:1  | Reached XP level 1. HP: 18/18 MP: 2/2
    51 | Abyss:1  | Noticed a starcursed mass
    80 | Abyss:2  | Found a corrupted altar of Lugonu.
    83 | Abyss:2  | Noticed a tentacled starspawn
   196 | Abyss:2  | Noticed a thrashing horror
   198 | D:1      | Escaped the Abyss
   199 | D:1      | Identified a -3 rod of destruction (11/11) (You found it on level 2 of the Abyss)
   302 | D:1      | Reached * piety under Lugonu
   315 | D:1      | Gained mutation: You have sharp toenails. [demonic ancestry]
   315 | D:1      | Reached XP level 2. HP: 18/24 MP: 3/3
   458 | D:1      | Reached skill level 1 in Dodging
  1454 | D:2      | Gained mutation: When hurt, damage is shared between your health and your magic reserves. [demonic ancestry]
  1454 | D:2      | Reached XP level 3. HP: 24/29 MP: 5/5
  1822 | D:2      | Noticed Terence
  1827 | D:2      | Killed Terence
  1827 | D:2      | Gained mutation: You are partially covered in rugged brown scales (AC +1, +3% HP). [demonic ancestry]
  1827 | D:2      | Reached XP level 4. HP: 10/38 MP: 3/6
  2226 | D:2      | Found a radiant altar of Vehumet.
  2336 | D:2      | Noticed Robin
  2342 | D:2      | Reached ** piety under Lugonu
  2355 | D:2      | Killed Robin
  2655 | D:2      | Found an opulent altar of Gozag.
  2782 | D:2      | Reached skill level 4 in Fighting
  2784 | D:2      | Found an iron altar of Okawaru.
  3150 | D:3      | Gained mutation: You have razor-sharp toenails. [demonic ancestry]
  3150 | D:3      | Reached XP level 5. HP: 41/43 MP: 7/7
  3504 | D:3      | Killed from afar by an orc priest

Action                   |  1- 3 |  4- 6 || total
-------------------------+-------+-------++-------
Melee: Hand axe          |    81 |   116 ||   197
Invok: Depart the Abyss  |     1 |       ||     1
Evoke: Rod               |     3 |     1 ||     4
  Use: Potion            |       |     1 ||     1
 Stab: Sleeping          |       |     1 ||     1
  Eat: Chunk             |     4 |     2 ||     6
       Bread ration      |       |     1 ||     1
